AoeStats
← Barracks Obama

Nomad

510926508Analyzed
2v2 RM · 4h ago on Oct 3, 2026· 53m 28s· 4 players
Game mode
Random Map
Map size
176×176
Population
200
Speed
Normal
Resources
Standard
Victory
Conquest
Starting age
Dark Age
Ending age
Imperial Age
RankedLock teamsTeams togetherTeam positionsShared explorationLock speedFull tech treeHidden civsTurbo modeCheats
Victory
Defeat
🇺🇸 Jurchens · United States
1180
+16
🇺🇸 Chinese · United States
1130
+17
🇺🇸 Wei · United States
1206
-18
🇺🇸 Portuguese · United States
1135
-15
Boris
3:29 Loom
14:21 Feudal Age
14:56 Double-Bit Axe
19:14 Castle Age
17:32 Gold Mining
17:33 Stone Mining
17:49 Fishing Lines
18:21 Fletching
18:32 Padded Archer Armor
20:25 Thumb Ring
20:18 Horse Collar
20:52 Bow Saw
21:59 Gold Shaft Mining
22:02 Stone Shaft Mining
24:46 Bodkin Arrow
25:24 Gillnets
25:59 Medium Warships
26:41 Heavy Plow
28:00 Wheelbarrow
28:11 Leather Archer Armor
29:22 Hand Cart
33:32 Imperial Age
34:09 Bloodlines
34:01 Husbandry
34:40 Conscription
33:42 Elite Chu Ko Nu
36:33 Rocketry
39:43 Ballistics
39:41 Heavy Scorpion
41:32 Cavalier
42:17 Bracer
44:52 Chemistry
44:28 Ring Archer Armor
44:09 Forging
44:05 Scale Barding Armor
46:53 Iron Casting
51:25 Chain Barding Armor
52:06 Blast Furnace
52:44 Plate Barding Armor
Barracks Obama
7:14 Loom
14:02 Feudal Age
14:58 Gold Mining
15:57 Town Watch
17:07 Double-Bit Axe
18:49 Fletching
21:59 Castle Age
22:37 Fletching
23:13 Bow Saw
23:24 Medium Warships
23:46 Bodkin Arrow
28:22 Husbandry
29:15 Wheelbarrow
29:30 Bloodlines
31:24 Scale Barding Armor
33:13 Chain Barding Armor
34:38 Forging
36:34 Iron Casting
35:50 Fishing Lines
37:23 Hand Cart
41:24 Imperial Age
41:31 Horse Collar
42:49 Plate Barding Armor
42:13 Elite Iron Pagoda
42:24 Elite Iron Pagoda
44:06 Blast Furnace
43:40 Fortified Bastions
43:58 Heavy Plow
46:04 Herbal Medicine
50:02 Conscription
the fgzb
9:45 Loom
13:08 Feudal Age
14:31 Double-Bit Axe
14:52 Horse Collar
17:32 Castle Age
15:54 Gold Mining
15:59 Fishing Lines
27:46 Bloodlines
28:21 Fletching
29:41 Bodkin Arrow
31:53 Ballistics
31:55 Loom
32:49 Wheelbarrow
32:00 Town Watch
33:28 Padded Archer Armor
34:46 Thumb Ring
36:41 Light Cavalry
41:58 Imperial Age
39:49 Hand Cart
41:06 Scale Barding Armor
41:30 Bow Saw
41:27 Heavy Plow
42:04 Gold Shaft Mining
41:22 Stone Mining
42:27 Leather Archer Armor
42:28 Forging
43:14 Conscription
42:59 Tuntian
42:47 Hussar
43:30 Bracer
44:11 Ming Guang Armor
44:15 Parthian Tactics
45:04 Chain Barding Armor
45:20 Iron Casting
46:03 Chemistry
45:16 Murder Holes
45:03 Pikeman
45:45 Halberdier
46:42 Heated Shot
47:03 Masonry
46:47 Guard Tower
49:34 Squires
49:46 Scale Mail Armor
50:46 Blast Furnace
51:45 Keep
mcnitz
4:58 Loom
12:53 Feudal Age
14:30 Double-Bit Axe
20:43 Castle Age
21:38 Bow Saw
22:26 Fletching
23:50 Horse Collar
27:38 Wheelbarrow
27:07 Gold Mining
27:47 Bodkin Arrow
29:02 Stone Mining
30:14 Heavy Plow
31:56 Padded Archer Armor
34:46 Imperial Age
32:29 Thumb Ring
33:45 Leather Archer Armor
34:13 Elite Skirmisher
35:41 Ballistics
36:02 Bracer
36:14 Circumnavigation
36:39 Conscription
38:28 Chemistry
38:00 Ring Archer Armor
40:13 Scale Mail Armor
39:34 Pikeman
41:01 Chain Mail Armor
41:36 Forging
41:27 Halberdier
42:38 Masonry
44:22 Crop Rotation
45:57 Plate Mail Armor
49:11 Onager
Connection lost

Rejoining the realm…

Still unreachable

The connection could not be restored.

Session expired

The server has moved on; the page needs a fresh start.